 Dungeon Crawl Stone Soup version 0.21.1-1-g345015f (webtiles) character file.

523 inc the Chiller (level 7, -1/41 HPs)
             Began as an Octopode Ice Elementalist on June 13, 2018.
             Slain by a killer bee (2 damage)
             ... on level 5 of the Dungeon.
             The game lasted 00:09:54 (4042 turns).

inc the Chiller (Octopode Ice Elementalist)         Turns: 4042, Time: 00:09:55

Health: -1/41      AC:  3    Str:  8    XL:     7   Next: 22%
Magic:  17/19      EV: 13    Int: 19    God:
Gold:   160        SH:  0    Dex: 15    Spells: 2/10 levels left

rFire    . . .     SeeInvis .   e - +2 dagger (venom)
rCold    . . .     Gourm    .   (no shield)
rNeg     . . .     Faith    .   r - +2 hat
rPois    .         Spirit   .   (no amulet)
rElec    .         Reflect  .   k - ring of magical power
rCorr    .         Harm     .   q - +3 ring of dexterity
MR       .....                  (no ring)
Stlth    +++.......             (no ring)
HPRegen  0.13/turn              (no ring)
MPRegen  0.16/turn              (no ring)
                                (no ring)
                                (no ring)

@: no status effects
A: almost no armour, stealthy swim, amphibious, 8 rings, constrict 8, camouflage
1, gelatinous body 1
a: no special abilities


You were on level 5 of the Dungeon.
You were near starving.

You visited 1 branch of the dungeon, and saw 5 of its levels.

You collected 160 gold pieces.

Inventory:

Hand Weapons
 e - a +2 dagger of venom (weapon)
Armour
 f - a +1 shield
 r - a +2 hat (worn)
Jewellery
 k - a ring of magical power (left tentacle)
 q - a +3 ring of dexterity (right tentacle)
Scrolls
 c - 2 scrolls of identify
 i - 3 scrolls of enchant armour
 l - a scroll of random uselessness
 o - a scroll of remove curse {unknown}
 p - a scroll of amnesia
 s - a scroll of enchant weapon {unknown}
Potions
 d - 2 potions of ambrosia
 g - a potion of cancellation {unknown}
 j - a potion of resistance {unknown}
 m - a potion of magic {unknown}
 n - a potion of berserk rage {unknown}
 t - a potion of might {unknown}
 u - a potion of invisibility {unknown}
Books
 a - a book of Frost

   Spells                             Type                      Level
   a - Freeze                         Ice                          1
   b - Throw Frost                    Conjuration/Ice              2
   c - Ozocubu's Armour               Charms/Ice                   3
   d - Throw Icicle                   Conjuration/Ice              4
   e - Summon Ice Beast               Ice/Summoning                4
Comestibles
 b - 6 rations


   Skills:
 - Level 2.0 Dodging
 - Level 2.6 Stealth
 - Level 2.0 Spellcasting
   Level 1.0 Conjurations
 + Level 1.0 Summonings
 - Level 7.9 Ice Magic


You had 2 spell levels left.
You knew the following spells:

 Your Spells              Type           Power        Failure   Level  Hunger
a - Freeze                Ice            ####         1%          1    #......
b - Ozocubu's Armour      Chrm/Ice       ###.....     10%         3    ###....
c - Summon Ice Beast      Ice/Summ       ###.....     26%         4    #####..


Dungeon Overview and Level Annotations

Branches:
Dungeon (5/15)
 Temple: D:4-7

Altars:
Okawaru


Innate Abilities, Weirdness & Mutations

You cannot wear most types of armour.
You are very stealthy in the water. (Stealth+)
You are amphibious.
You can wear up to eight rings at the same time.
You can use your tentacles to constrict eight enemies at once.
Your skin changes colour to match your surroundings (Stealth+).
Your rubbery body absorbs attacks. (AC +1, EV +1)


Message History

You feel better. The killer bee closely misses you. The killer bee stings you.
* * * LOW HITPOINT WARNING * * *
You are poisoned.
The killer bee poisons you! The orc hits you but does no damage.
The killer bee stings you.
* * * LOW HITPOINT WARNING * * *
You are lethally poisoned!
The killer bee poisons you! The killer bee barely misses you.
You feel better. The killer bee closely misses you. The killer bee misses you.
The orc hits you but does no damage. The killer bee stings you!
* * * LOW HITPOINT WARNING * * *
The killer bee misses you.
Okay, then.
The killer bee completely misses you. The killer bee stings you.
* * * LOW HITPOINT WARNING * * *
The killer bee stings you.
* * * LOW HITPOINT WARNING * * *
Unknown command.
The killer bee stings you.
You die...

.............>.........
....)..............##..
............>..........
....#.#.#.#..###...##.
#...........# #..# .
#......y...####....
#..yo............
###y#.#..####..##
#@#o#.........
#.#o#.#####.## #.....#
..o....### ########


You could see 3 killer bees and an orc.

Vanquished Creatures
  Sigmund (D:3)
  A scorpion (D:4)
  A howler monkey (D:3)
  An orc priest (D:3)
  A worker ant (D:5)
  Natasha (twice) (D:3)
  6 adders
  An ooze (D:1)
  A worm (D:2)
  3 dart slugs
  5 leopard geckos
  12 orcs
  11 bats
  4 giant cockroaches
  7 goblins
  6 hobgoblins
  15 jackals
  13 kobolds
  2 frilled lizards
  A leopard gecko skeleton (D:4)
  5 rats
99 creatures vanquished.

Vanquished Creatures (collateral kills)
  A quokka (D:4)
1 creature vanquished.

Grand Total: 100 creatures vanquished

Notes
Turn   | Place    | Note
-------+----------+-------------------------------------------
     0 | D:1      | inc the Octopode Ice Elementalist began the quest for the Orb.
     0 | D:1      | Reached XP level 1. HP: 11/11 MP: 3/3
   148 | D:1      | Reached XP level 2. HP: 16/17 MP: 0/5
   540 | D:1      | Reached skill level 4 in Ice Magic
   671 | D:1      | Found an iron altar of Okawaru.
   682 | D:1      | Reached XP level 3. HP: 17/21 MP: 6/6
  1320 | D:2      | Reached XP level 4. HP: 11/27 MP: 3/7
  1546 | D:2      | Reached skill level 5 in Ice Magic
  2509 | D:3      | Reached XP level 5. HP: 31/31 MP: 8/8
  2707 | D:3      | Reached skill level 6 in Ice Magic
  2845 | D:3      | Noticed Sigmund
  2852 | D:3      | Killed Sigmund
  2852 | D:3      | Reached skill level 7 in Ice Magic
  2852 | D:3      | Reached XP level 6. HP: 29/36 MP: 9/9
  3413 | D:4      | Noticed Natasha
  3456 | D:3      | Killed Natasha
  3459 | D:3      | Reached XP level 7. HP: 17/41 MP: 10/10
  3697 | D:3      | Noticed Natasha
  3709 | D:3      | Killed Natasha
  3714 | D:3      | Learned a level 3 spell: Ozocubu's Armour
  3736 | D:3      | Learned a level 4 spell: Summon Ice Beast
  3796 | D:5      | Entered Level 5 of the Dungeon
  4030 | D:5      | Reached skill level 1 in Summonings
  4040 | D:5      | HP: 1/41 [killer bee (3)]
  4042 | D:5      | Slain by a killer bee

Skill      XL: |  1  2  3  4  5  6  7 |
---------------+----------------------+-----
Ice Magic      | 4 5 7 |  7.9
Summonings     | 1 |  1.0
Dodging        | |  2.0
Stealth        | |  2.6
Spellcasting   | |  2.0
Conjurations   | |  1.0

Action                   |  1- 3 |  4- 6 |  7- 9 || total
-------------------------+-------+-------+-------++-------
Melee: Unarmed           |     2 |       |       ||     2
       Tentacles         |     3 |    19 |       ||    22
       Dagger            |    26 |    92 |       ||   118
       Constrict         |    10 |    26 |       ||    36
 Cast: Freeze            |    30 |    28 |    12 ||    70
       Summon Ice Beast  |       |       |     1 ||     1
  Use: Potion            |       |     1 |     2 ||     3
       Scroll            |       |       |     4 ||     4
 Stab: Sleeping          |     5 |     8 |       ||    13
       Distracted        |       |     1 |       ||     1
  Eat: Chunk             |     1 |     7 |     1 ||     9
Armor: Skin              |     5 |    11 |     2 ||    18
Dodge: Dodged            |    30 |    85 |    26 ||   141
